 Dungeon Crawl Stone Soup version 0.27-a0-1245-g940ed4fa31 (webtiles) character file.

Game seed: 18404996596834811711

1736 freelancePsychic the Ruffian (level 8, -1/79 HPs)
             Began as a Troll Monk on June 10, 2021.
             Was a Plaything of Xom.
             Killed from afar by a white imp (12 damage)
             ... with a puff of frost
             ... on level 7 of the Dungeon.
             The game lasted 00:10:55 (4891 turns).

freelancePsychic the Ruffian (Troll Monk)           Turns: 4891, Time: 00:10:56

Health: -1/79      AC:  4    Str: 21    XL:     8   Next: 76%
Magic:  7/7        EV:  9    Int:  7    God:    Xom [.....*]
Gold:   332        SH: 12    Dex: 12    Spells: 7/7 levels left

rFire    . . .     SeeInvis +     - Unarmed
rCold    . . .     Faith    .   c - +2 kite shield {rPois}
rNeg     . . .     Spirit   .   a - +0 robe
rPois    +         Reflect  .   (helmet restricted)
rElec    .         Harm     .   (no cloak)
rCorr    .         Rampage  .   (gloves unavailable)
Will     +....                  (boots unavailable)
Stlth    ++........             (no amulet)
HPRegen  1.23/turn              d - ring of see invisible
MPRegen  0.10/turn              j - ring of willpower

@: no status effects
A: large, unfitting armour, claws 3, regeneration 1, shaggy fur 1, tough skin 1
a: Renounce Religion


You were on level 7 of the Dungeon.
You worshipped Xom.
You were Xom's teddy bear.
You visited 1 branch of the dungeon, and saw 7 of its levels.

You collected 332 gold pieces.

Inventory:

Armour
 a - a +0 robe (worn)
 c - a +2 kite shield of poison resistance (worn)
Jewellery
 d - a ring of see invisible (left claw)
 j - a ring of willpower (right claw)
 m - a ring of fire
 n - a +6 ring of dexterity
Wands
 r - a wand of polymorph (8)
Scrolls
 b - 5 scrolls of identify {@r1}
 g - 2 scrolls of noise
 h - a scroll of torment
 o - 2 scrolls of teleportation {@r4}
Potions
 e - a potion of heal wounds {unknown}
 f - a potion of lignification {unknown}
 i - a potion of curing {@q1}
 k - a potion of mutation {unknown}
 l - a potion of invisibility {unknown}
 p - a potion of flight {unknown}
 q - a potion of magic {unknown}
 s - a potion of brilliance {unknown}


   Skills:
 * Level 4.8 Fighting
 - Level 2.4 Dodging
 - Level 1.0 Stealth
 + Level 5.7 Shields
 + Level 7.8 Unarmed Combat


You had 7 spell levels left.
You didn't know any spells.
Your spell library contained the following spells:

 Spells                   Type           Power      Damage    Failure   Level
 Foxfire                  Conj/Fire      0%         2x1d4     67%         1
 Conjure Flame            Conj/Fire      0%         6-21      95%         3
 Inner Flame              Hex/Fire       0%         N/A       95%         3
 Sticky Flame             Conj/Fire      0%         2d3       100%        4
 Fireball                 Conj/Fire      0%         3d3       100%        5
 Irradiate                Conj/Tmut      0%         3d14      100%        5
 Blade Hands              Tmut           0%         N/A       100%        6
 Statue Form              Tmut/Erth      0%         N/A       100%        6
 Dragon Form              Tmut           0%         N/A       100%        7
 Storm Form               Tmut/Air       0%         N/A       100%        7


Dungeon Overview and Level Annotations

Branches:
Dungeon (7/15)
 Temple: D:4-7

Altars:
Ashenzari
Gozag
Hepliaklqana
Makhleb
Okawaru
Uskayaw
Xom

Shops:
D:4 *

Annotations:
D:6 exclusion: wyvern


Innate Abilities, Weirdness & Mutations

You are too large for most types of armour.
You have claws for hands.
Your natural rate of healing is unusually fast.
You are covered in fur. (AC +1)
You have tough skin. (AC +1)


Message History

The stone arrow hits you!!
You scratch the gargoyle.
The gargoyle is lightly damaged.
You block the gargoyle's attack.
You scratch the gargoyle.
The gargoyle is lightly damaged.
The gargoyle hurls a stone arrow at you.
The stone arrow hits you!!
You barely miss the gargoyle.
The gargoyle is lightly damaged.
The gargoyle hits you with a +0 mace.
You claw the gargoyle!
The gargoyle is heavily damaged.
You block the gargoyle's attack.
You scratch the gargoyle but do no damage.
The gargoyle is heavily damaged.
The gargoyle hurls a stone arrow at you.
The stone arrow hits you!
You scratch the gargoyle but do no damage.
The gargoyle is heavily damaged.
The gargoyle hits you with a +0 mace.
* * * LOW HITPOINT WARNING * * *
You feel better. You block the gargoyle's attack.
As you read the scroll of teleportation {@r4}, it crumbles to dust.
You feel strangely unstable. You block the gargoyle's attack.
You barely miss the gargoyle.
The gargoyle is moderately damaged.
The gargoyle hits you with a +0 mace!!
* * * LOW HITPOINT WARNING * * *
Your surroundings suddenly seem different.
A white imp comes into view.
Found 12 gold pieces and a scroll labelled DITOER FAEPLI.
A centaur and a skeleton come into view.
The white imp gestures at you. The puff of frost hits you!
* * * LOW HITPOINT WARNING * * *
The centaur moves out of view.
The white imp gestures at you. The puff of frost hits you!
You die...

.##.......##....##
.................#
........#...........#
.....#.###....#<.....
... ...#####
##..##.####. ?.. ...
..###.. .... ..>
...##...### ...$ ##
...##...##.##..##.
...#....@..#......
.................
..............##
.......#..5...#
.#.....#........#
.........Z....###
...........#...#
..###..##.####... ##.
.## ..c


You could see a white imp and a centaur skeleton (dormant).

Vanquished Creatures
  Prince Ribbit (D:6)
  Sigmund (D:6)
  A vampire mosquito (D:7)
  A sky beast (D:6)
  A necrophage (D:6)
  A centaur (D:6)
  Blork the orc (D:6)
  2 bullfrogs
  3 scorpions
  2 jellies
  4 orc priests (D:5)
  2 hounds
  2 iguanas (D:6)
  3 orc wizards
  7 gnolls
  7 adders
  2 shadow imps
  4 white imps
  2 ufetubi
  A worm (D:5)
  2 dart slugs
  25 orcs
  8 ball pythons
  6 endoplasms
  2 giant cockroaches
  2 goblins
  6 hobgoblins
  2 kobolds
  2 quokkas
  7 bats
  A frilled lizard (D:1)
  7 rats
118 creatures vanquished.

Notes
Turn   | Place    | Note
-------+----------+-------------------------------------------
     0 | D:1      | freelancePsychic the Troll Monk began the quest for the
                  | Orb.
     0 | D:1      | Reached XP level 1. HP: 22/22 MP: 0/0
   296 | D:1      | Reached XP level 2. HP: 27/29 MP: 1/1
   320 | D:1      | Found a faded altar of an unknown god.
   543 | D:1      | Became a worshipper of Xom the Capricious
   553 | D:1      | XOM: divination: detect items
   711 | D:1      | Reached skill level 1 in Shields
   956 | D:1      | XOM: silly message
  1093 | D:2      | Reached XP level 3. HP: 36/36 MP: 2/2
  1288 | D:2      | Reached skill level 4 in Unarmed Combat
  1305 | D:2      | Reached XP level 4. HP: 44/44 MP: 3/3
  1646 | D:3      | Noticed a scorpion
  1648 | D:3      | XOM: divination: detect items
  1656 | D:3      | Killed a scorpion
  1666 | D:3      | XOM: 2-stop teleportation journey
  1710 | D:3      | Found a hazy altar of Hepliaklqana.
  1717 | D:3      | Reached XP level 5. HP: 50/50 MP: 4/4
  2163 | D:4      | XOM: scenery: 1 doors open
  2275 | D:4      | XOM: summons friendly ufetubus
  2280 | D:4      | Reached skill level 5 in Unarmed Combat
  2356 | D:4      | Reached XP level 6. HP: 46/59 MP: 5/5
  2415 | D:4      | Found Vulecuam's Lightly-Used Armoury.
  2530 | D:4      | Found a broken altar of Ashenzari.
  2530 | D:4      | Found a burning altar of Makhleb.
  2776 | D:4      | XOM: scenery: summon butterflies
  3006 | D:5      | Entered Level 5 of the Dungeon
  3009 | D:5      | Found an iron altar of Okawaru.
  3065 | D:5      | XOM: smoke on damage
  3227 | D:5      | XOM: confusion (+ monsters)
  3245 | D:5      | Reached skill level 6 in Unarmed Combat
  3245 | D:5      | Reached XP level 7. HP: 50/66 MP: 6/6
  3377 | D:5      | XOM: polymorph scorpion -> worm
  3508 | D:5      | XOM: confusion
  3740 | D:5      | Found a hide-covered altar of Uskayaw.
  3804 | D:6      | Noticed Blork the orc
  3862 | D:6      | Noticed Prince Ribbit
  3882 | D:6      | Killed Blork the orc
  3941 | D:6      | Noticed a wyvern
  3969 | D:6      | XOM: enchant monster (good)
  3974 | D:6      | Reached skill level 5 in Shields
  3974 | D:6      | Reached skill level 7 in Unarmed Combat
  4003 | D:6      | XOM: enchant monster (good)
  4010 | D:6      | Killed Prince Ribbit
  4011 | D:6      | Reached XP level 8. HP: 75/75 MP: 7/7
  4023 | D:6      | XOM: confuse monster(s)
  4033 | D:6      | XOM: divination: detect creatures
  4040 | D:6      | Noticed Sigmund
  4049 | D:6      | Killed Sigmund
  4088 | D:6      | Found an opulent altar of Gozag.
  4182 | D:6      | XOM: summons 2 hostile demons
  4205 | D:6      | XOM: swap monsters
  4440 | D:6      | XOM: 3-stop teleportation journey
  4506 | D:6      | XOM: divination: detect creatures
  4873 | D:7      | Noticed a gargoyle
  4891 | D:7      | Killed from afar by a white imp

Illustrated notes

Levels and vault maps discovered:
D:1:      wheals_arrival_linesprint, layout_basic, basic_ecumenical_altar,
          minmay_pentomino_v2
D:2:      layout_loops_ring
D:3:      layout_basic, lemuel_crystal_altar, serial_corexii_hall,
          chequers_hall_statues_corner_a, chequers_hall_statues_y
D:4:      layout_basic, nicolae_overflow_hidden_temple,
          gammafunk_temple_overflow_pools, minmay_temple_entry_from_below_b,
          minmay_shop_damaged
D:5:      layout_loops_cross, lemuel_doored_altar, kennysheep_little_box
D:6:      layout_loops_ring, nicolae_gozag_cash_rules_everything_around_me,
          uniq_blork_the_orc, uniq_prince_ribbit1, uniq_sigmund
D:7:      layout_cave_pools, lemuel_coloured_pillars_altar, kb_rosetta,
          uniq_crazy_yiuf_cottage

Skill      XL: |  1  2  3  4  5  6  7  8 |
---------------+-------------------------+-----
Shields        | 1 2 3 4 5 |  5.7
Unarmed Combat | 4 5 6 7 |  7.8
Fighting       | 3 4 |  4.8
Dodging        | |  2.4
Stealth        | |  1.0

Action                   |  1- 3 |  4- 6 |  7- 9 || total
-------------------------+-------+-------+-------++-------
Melee: Unarmed           |    86 |   139 |   147 ||   372
  Use: Scroll            |     1 |     5 |     2 ||     8
       Potion            |       |     1 |     1 ||     2
 Stab: Sleeping          |     7 |     3 |       ||    10
       Confused          |       |     1 |       ||     1
       Paralysed         |       |       |     4 ||     4
       Petrified         |       |       |     3 ||     3
Armor: Robe              |    34 |    29 |    18 ||    81
Dodge: Dodged            |    28 |    34 |    60 ||   122
Block: Kite shield       |    46 |    62 |    91 ||   199

Table legend: (Time is in decaauts)
 A = Elapsed time spent in this place.
 B = Non-inter-level travel time spent in this place.
 C = Inter-level travel time spent in this place.
 D = Time resting spent in this place.
 E = Time spent auto-exploring this place.
 F = Levels seen in this place.
 G = Mean time per level.
                   A        B        C        D        E       F      G
               +--------+--------+--------+--------+--------+-----+--------+
         Total |   4923 |   4599 |    324 |     39 |   3648 |   7 |  703.3 |
       Dungeon |   4923 |   4599 |    324 |     39 |   3648 |   7 |  703.3 |
               +--------+--------+--------+--------+--------+-----+--------+

Top non-repeatable levels by time:
     D:1: 997 daAuts
     D:4: 880 daAuts
     D:6: 878 daAuts
     D:5: 801 daAuts
     D:3: 594 daAuts
     D:2: 561 daAuts
     D:7: 210 daAuts
